 Dungeon Crawl Stone Soup version 0.31.0-32-g396128a36d (webtiles) character file.

Game seed: 10269676274213743672

308 PaiMei the Grave Robber (level 6, 0/46 HPs)
             Began as a Demonspawn Necromancer on Mar 29, 2024.
             Killed by nerve-wracking pain
             ... invoked by Menkaure
              (4 damage)
             ... on level 4 of the Dungeon.
             The game lasted 00:05:07 (4802 turns).

PaiMei the Grave Robber (Demonspawn Necromancer)    Turns: 4802, Time: 00:05:08

Health: 0/46       AC:  7    Str:  9    XL:     6   Next: 17%
Magic:  2/11       EV: 13    Int: 17    God:
Gold:   126        SH:  0    Dex: 19    Spells: 7/11 levels left

rFire   . . .        w - +4 falchion
rCold   . . .        (no shield)
rNeg    . . .        a - +0 robe
rPois   .            g - +0 helmet
rElec   .            (no cloak)
rCorr   .            h - +0 pair of gloves
SInv    .            (no boots)
Will    .....        (no amulet)
Stlth   ++           p - +6 ring of dexterity
HPRegen 0.27/turn    (no ring)
MPRegen 0.12/turn

%: no passive effects
@: no status effects
A: molten scales 2, demonic guardian 1, foul stench 1
a: no special abilities


You were on level 4 of the Dungeon.
You visited 1 branch of the dungeon, and saw 4 of its levels.

You collected 126 gold pieces.

Inventory:

Hand Weapons
 w - a +4 falchion (weapon)
 x - a +2 dagger of flaming
Missiles
 l - 6 poisoned darts (quivered)
Armour
 a - a +0 robe (worn)
 g - a +0 helmet (worn)
 h - a +0 pair of gloves (worn)
 j - a +0 buckler
 u - a +3 chain mail of fire resistance
Jewellery
 p - a +6 ring of dexterity (left hand)
Wands
 t - a wand of flame (6)
 v - a wand of digging (5)
Scrolls
 c - a scroll of blinking {unknown}
 d - 3 scrolls of identify {unknown}
 e - a scroll of immolation {unknown}
 i - a scroll of vulnerability {unknown}
 k - a scroll of revelation {unknown}
 m - a scroll of enchant armour {unknown}
 q - a scroll of summoning {unknown}
 s - a scroll of enchant weapon {unknown}
Potions
 b - a potion of magic
 f - 3 potions of heal wounds {unknown}
 n - a potion of brilliance {unknown}
 o - a potion of attraction {unknown}
 r - a potion of cancellation {unknown}
 z - 2 potions of invisibility {unknown}


   Skills:
 + Level 2.6 Fighting
 + Level 3.3 Dodging
 - Level 2.0 Stealth
 + Level 3.3 Spellcasting
 + Level 5.6 Necromancy


You had 7 spell levels left.
You knew the following spells:

 Your Spells              Type           Power      Damage    Failure   Level
a - Necrotise             Necr           84%        1d8       1%          1
b - Vampiric Draining     Necr           21%        2d7       4%          3

Your spell library contained the following spells:

 Spells                   Type           Power      Damage    Failure   Level
 Cigotuvi's Dreadful Rot  Necr/Alch/Air  18%        N/A       12%         2
 Magic Dart               Conj           8%         1d3       17%         1
 Animate Dead             Necr           21%        N/A       17%         4
 Blink                    Tloc           4%         N/A       26%         2
 Call Imp                 Summ           4%         N/A       26%         2
 Scorch                   Fire           4%         2d5       26%         2
 Searing Ray              Conj           4%         2d4       26%         2
 Curse of Agony           Necr           21%        N/A       43%         5
 Flame Wave               Conj/Fire      2%         2d4       86%         4
 Fulminant Prism          Conj/Alch      1%         3d5       86%         4
 Ignite Poison            Fire/Alch      2%         N/A       86%         4
 Freezing Cloud           Conj/Ice/Air   1%         6-21      99%         5
 Summon Cactus Giant      Summ           1%         N/A       100%        6


Dungeon Overview and Level Annotations

Branches:
Dungeon (4/15)
 Temple: D:4-7

Altars:
Vehumet

Annotations:
D:3 Grinder
D:4 Menkaure


Innate Abilities, Weirdness & Mutations

You are mostly covered in molten scales. (AC +3)
A weak demonic guardian rushes to your aid.
You may rarely emit foul miasma when damaged in melee.


Message History

Menkaure murmurs drily.
The jackal attacks as it pursues you! The jackal bites you.
* * * LOW HITPOINT WARNING * * *
The jackal attacks as it pursues you! The jackal barely misses you.
The jackal bites you but does no damage.
Natasha claws something.
Menkaure calls on the powers of darkness!
Your body is wracked with pain!
* * * LOW HITPOINT WARNING * * *
Something barely misses your iron imp. The jackal barely misses you.
The jackal attacks as it pursues you!
The jackal bites you but does no damage.
Your shadow imp barely misses Natasha.
Natasha barely misses your iron imp.
Your iron imp barely misses Natasha.
Your shadow imp hits Natasha.
Casting: Vampiric Draining (dangerous; 4% risk of failure)
Confirm with . or Enter, or press ? or * to list all spells.
Aiming: Necrotise (safe; 1% risk of failure)
Press: ? - help, Shift-Dir - straight line, f - jackal
Aim: a jackal (heavily wounded, chance to affect: 90%)
The jackal writhes in agony!
You kill the jackal!
The dead are walking!
Natasha completely misses your iron imp.
Your iron imp hits Natasha.
Natasha dies!
Natasha screams in fury as she dies!
You swap places.
Your jackal skeleton bites Menkaure but does no damage.
Menkaure giggles, "These cerements are ticklish..."
Menkaure hits your jackal skeleton!
Your jackal skeleton is destroyed!
Menkaure misses you.
Menkaure calls on the powers of darkness!
Your body is wracked with pain!
* * * LOW HITPOINT WARNING * * *
You hit Menkaure but do no damage. Menkaure casts a spell at you.
Pain shoots through your body!
You die...

###.###.#..###.##.# #
#.# #.#.## #....# #
#.# #...# ####.#
##### ######### #####
....###.......###...#
...#.#.#.....#.#.#..#
..#..#..#...#..#..#.#
.#...#...#.#5..#...##
.........†..5..M@...#
#...#5#...#...#.#####
#..#...#5.#..#..#
#.#.....#.#.#...#
##.......###....#
########## ###### ...
h.. ...


You could see Menkaure (fast, ally target), a friendly iron imp (summoned) and a
friendly shadow imp (summoned).

Vanquished Creatures
  A black bear (D:4)
  An orc priest (D:4)
  Ijyb (D:3)
  Natasha (D:4)
  5 adders
  A ribbon worm (D:3)
  4 dart slugs
  4 orcs (D:4)
  9 ball pythons
  8 endoplasms
  2 giant cockroaches
  8 goblins
  3 hobgoblins
  6 jackals
  4 kobolds
  A quokka (D:2)
  4 bats
  A frilled lizard (D:2)
  8 rats
72 creatures vanquished.

Vanquished Creatures (collateral kills)
  Natasha (D:4)
1 creature vanquished.

Grand Total: 73 creatures vanquished

Notes
Turn   | Place    | Note
-------+----------+-------------------------------------------
     0 | D:1      | PaiMei the Demonspawn Necromancer began the quest for the
                  | Orb.
     0 | D:1      | Reached XP level 1. HP: 13/13 MP: 3/3
   351 | D:1      | Gained mutation: You are partially covered in molten
                  | scales. (AC +2) [demonic ancestry]
   351 | D:1      | Reached XP level 2. HP: 19/19 MP: 1/5
  1497 | D:2      | Gained mutation: You may rarely emit foul miasma when
                  | damaged in melee. [demonic ancestry]
  1497 | D:2      | Reached XP level 3. HP: 24/25 MP: 3/6
  1504 | D:2      | Learned a level 3 spell: Vampiric Draining
  1740 | D:2      | Reached skill level 1 in Fighting
  2085 | D:2      | Gained mutation: You are mostly covered in molten scales.
                  | (AC +3) [demonic ancestry]
  2085 | D:2      | Reached XP level 4. HP: 32/32 MP: 5/7
  2232 | D:3      | Noticed Grinder
  2484 | D:3      | Reached skill level 5 in Necromancy
  2875 | D:3      | Noticed Ijyb
  2893 | D:3      | Killed Ijyb
  3069 | D:3      | Found a faded altar of an unknown god.
  3215 | D:3      | Found a radiant altar of Vehumet.
  3402 | D:3      | Paralysed by Grinder for 3 turns
  3925 | D:4      | Reached XP level 5. HP: 36/38 MP: 2/9
  4028 | D:4      | Noticed Natasha
  4033 | D:4      | Killed Natasha
  4119 | D:4      | Noticed a black bear
  4478 | D:4      | Killed a black bear
  4577 | D:4      | Noticed Natasha
  4598 | D:4      | Gained mutation: A weak demonic guardian rushes to your
                  | aid. [demonic ancestry]
  4598 | D:4      | Reached XP level 6. HP: 46/46 MP: 7/10
  4774 | D:4      | Noticed Menkaure
  4798 | D:4      | Killed Natasha
  4802 | D:4      | Killed from afar by Menkaure

Illustrated notes

Levels and vault maps discovered:
D:1:      scummos_arrival_forest, layout_loops_corners, serial_forest,
          infiniplex_forest_lined_3, infiniplex_forest_zigzag_1,
          infiniplex_forest_clump_diagonal, infiniplex_forest_clump_tiny,
          infiniplex_forest_3_way, infiniplex_forest_clump_diagonal,
          infiniplex_forest_end_3, minmay_3d_cube
D:2:      layout_basic, minmay_tromino_v4_a
D:3:      layout_loops_corners, marbit_many_paths,
          chequers_ecumenical_altar_island, serial_co_window_serial,
          co_window_of_opportunity_a, co_window_paths_a, co_window_paths_b,
          co_window_paths_b, co_window_paths_b, co_window_broadway_a,
          co_window_broadway_c, co_window_2corner, co_window_of_opportunity_c,
          co_window_corner_ca, co_window_of_opportunity_b, co_window_corner_b,
          co_window_4corner_b, glass_columns_a, glass_columns_a,
          glass_columns_b, glass_columns_a, glass_columns_c, uniq_ijyb,
          uniq_grinder
D:4:      layout_basic, serial_shops, nicolae_shop_waterfront,
          hangedman_decor_diamond_cutter, uniq_natasha, uniq_menkaure

Skill      XL: |  1  2  3  4  5 |
---------------+----------------+-----
Dodging        | 2 3 |  3.3
Stealth        | 2 |  2.0
Fighting       | 1 2 |  2.6
Necromancy     | 5 |  5.6
Spellcasting   | 3 |  3.3

Action                     |  1- 3 |  4- 6 || total
---------------------------+-------+-------++-------
  Melee: Dagger            |     9 |       ||     9
         Punch             |     1 |       ||     1
         Falchion          |       |    12 ||    12
   Cast: Necrotise         |    75 |    54 ||   129
         Vampiric Draining |       |     6 ||     6
   Stab: Sleeping          |       |     1 ||     1
 Armour: Robe              |    16 |    31 ||    47
  Dodge: Dodged            |    13 |    19 ||    32
